 Dungeon Crawl Stone Soup version 0.31-a0-236-g9a0961fb85 (webtiles) character file.

Game seed: 2826962498759250723

58 qw the Shooter (level 3, 0/29 HPs)
             Began as a Minotaur Hexslinger on July 10, 2023.
             Slain by a goblin
             ... wielding a +0 dagger
             ... led by Robin
              (1 damage)
             ... on level 2 of the Dungeon.
             The game lasted 00:00:21 (1171 turns).

qw the Shooter (Minotaur Hexslinger)                Turns: 1171, Time: 00:00:21

Health: 0/29       AC:  2    Str: 12    XL:     3   Next: 76%
Magic:  3/3        EV: 12    Int: 10    God:
Gold:   42         SH:  0    Dex: 14    Spells: 3/4 levels left

rFire   . . .        a - +1 sling
rCold   . . .        (no shield)
rNeg    . . .        c - +0 robe
rPois   .            (helmet restricted)
rElec   .            (no cloak)
rCorr   .            (no gloves)
SInv    .            (no boots)
Will    .....        e - amulet of faith
Stlth   +            (no ring)
HPRegen 0.24/turn    (no ring)
MPRegen 0.08/turn

%: faith
@: no status effects
A: horns 2, retaliatory headbutt
a: no special abilities


You were on level 2 of the Dungeon.
You visited 1 branch of the dungeon, and saw 2 of its levels.

You collected 42 gold pieces.


Innate Abilities, Weirdness & Mutations

You have a pair of horns on your head.
You reflexively headbutt those who attack you in melee.


   Skills:
 - Level 2.0 Fighting
 + Level 4.3 Ranged Weapons
 - Level 2.1 Dodging
 - Level 1.0 Spellcasting
 - Level 2.0 Hexes


You had 3 spell levels left.
You knew the following spells:

 Your Spells              Type           Power      Damage    Failure   Level
a - Slow                  Hex            16%        N/A       16%         1

Your spell library contained the following spells:

 Spells                   Type           Power      Damage    Failure   Level
 Inner Flame              Hex/Fire       2%         N/A       56%         3
 Portal Projectile        Hex/Tloc       4%         N/A       56%         3
 Cause Fear               Hex            2%         N/A       83%         4

Inventory:

Hand Weapons
 a - a +1 sling (weapon)
Armour
 c - a +0 robe (worn)
Jewellery
 e - an amulet of faith (around neck)
Potions
 b - 2 potions of degeneration {unknown}
 d - 3 potions of curing

Dungeon Overview and Level Annotations

Branches:
Dungeon (2/15)

Altars:


Message History

Robin hits you but does no damage. The goblin closely misses you. x2
You furiously retaliate!
You headbutt the goblin!
You kill the goblin!
The hobgoblin barely misses you.
You shoot a sling bullet. The sling bullet hits Robin.
You kill Robin!
The hobgoblin no longer looks unusually strong.
The hobgoblin hits you.
You shoot a sling bullet. The sling bullet hits the hobgoblin.
The hobgoblin is heavily wounded.
The hobgoblin hits you.
You shoot a sling bullet. The sling bullet hits the hobgoblin.
You kill the hobgoblin!
The goblin hits you with a +0 club.
You shoot a sling bullet.
The sling bullet closely misses the goblin. x2
The hobgoblin completely misses you. The goblin barely misses you.
You shoot a sling bullet. The sling bullet hits the goblin.
The goblin is heavily wounded.
The goblin hits you with a +0 dagger. The hobgoblin hits you.
The goblin hits you with a +0 club.
You shoot a sling bullet.
The sling bullet barely misses the goblin.
The sling bullet hits the goblin.
The goblin is severely wounded.
The hobgoblin no longer looks unusually strong.
The goblin hits you but does no damage. The goblin barely misses you.
The hobgoblin hits you but does no damage.
The goblin hits you with a +0 club. The hobgoblin hits you.
The goblin hits you but does no damage.
You shoot a sling bullet.
The sling bullet hits the goblin but does no damage.
The goblin is heavily wounded.
The goblin no longer looks unusually strong. x3
The hobgoblin closely misses you. The goblin closely misses you.
The goblin barely misses you. You furiously retaliate!
You headbutt the goblin. You shoot a sling bullet.
The sling bullet hits the goblin!
You kill the goblin!
The goblin hits you with a +0 dagger.
You die...

#........
##..#.....
....>... #
#..#..####
#.#...<.....
#.#......##
#.gg).....# #
#g)@....#.##.#
#)##)........#
.. #.#..#.####
#.#
#.#.......# ..
##.#.####### #
#.......# #
##.#.####
#.##.#.##
#.......#


You could see a hobgoblin and 2 goblins.

Vanquished Creatures
  Robin (D:2)
  A gnoll (D:1)
  A worm (D:2)
  A dart slug (D:2)
  4 ball pythons
  An endoplasm (D:2)
  3 giant cockroaches (D:1)
  2 hobgoblins
  A quokka (D:1)
  2 frilled lizards (D:1)
  13 goblins
  A kobold (D:2)
  2 rats (D:1)
33 creatures vanquished.

Notes
Turn   | Place    | Note
-------+----------+-------------------------------------------
     0 | D:1      | qw the Minotaur Hexslinger began the quest for the Orb.
     0 | D:1      | Reached XP level 1. HP: 16/16 MP: 1/1
     0 | D:1      | 0 ||| qw: Version: 0.3-a-52-g30416fa
     0 | D:1      | 0 ||| qw: Game counter: 4883
     0 | D:1      | 0 ||| qw: Melee chars always use a shield: true
     0 | D:1      | 0 ||| qw: God list: Okawaru
     0 | D:1      | 0 ||| qw: Allow faded altars: false
     0 | D:1      | 0 ||| qw: Do Orc after clearing Dungeon:15 true
     0 | D:1      | 0 ||| qw: Do second Lair branch before Depths: true
     0 | D:1      | 0 ||| qw: Lair rune preference: random
     0 | D:1      | 0 ||| qw: Goals: Normal
     0 | D:1      | 0 ||| PLANNING D:1-11
    33 | D:1      | HP: 2/16 [gnoll/+0 club (5)]
    38 | D:1      | Reached skill level 3 in Ranged Weapons
    38 | D:1      | Reached XP level 2. HP: 3/23 MP: 2/2
   950 | D:1      | 950 ||| UPGRADING to amulet of faith.
   955 | D:1      | 955 ||| DRINKING 3 amethyst potions.
   956 | D:1      | 956 ||| DROPPING scroll of poison.
   979 | D:2      | Reached XP level 3. HP: 29/29 MP: 3/3
  1153 | D:2      | Noticed Robin
  1158 | D:2      | Reached skill level 4 in Ranged Weapons
  1164 | D:2      | Killed Robin
  1168 | D:2      | HP: 5/29 [goblin/+0 club[Robin] (5)]
  1169 | D:2      | HP: 1/29 [hobgoblin[Robin] (2)]
  1171 | D:2      | Slain by a goblin

Levels and vault maps discovered:
D:1:      heliophobic_arrival_henge, layout_basic
D:2:      layout_basic, st_stairs_2, uniq_jessica, uniq_robin

Skill      XL: |  1  2  3 |
---------------+----------+-----
Ranged Weapons | 3 4 |  4.3
Fighting       | 2 |  2.0
Dodging        | |  2.1
Spellcasting   | |  1.0
Hexes          | |  2.0

Action                     || total
---------------------------++-------
   Fire: Sling             ||    90
    Use: Potion            ||     1
 Armour: Robe              ||     9
  Dodge: Dodged            ||    37

Table legend:
 A = Non-vault XP
 B = Vault XP
 C = Vault XP percentage of total XP
 D = Non-vault monster count
 E = Vault monster count
 F = Vault count percentage of total count
                 A         B        C        D         E       F
            +---------+---------+-------+---------+---------+-------
      Total |      55 |      31 |  36.0 |      24 |       9 |  27.3
            +---------+---------+-------+---------+---------+-------
        D:1 |      39 |       0 |   0.0 |      17 |       0 |   0.0
        D:2 |      16 |      31 |  66.0 |       7 |       9 |  56.2
            +---------+---------+-------+---------+---------+-------
